 Dungeon Crawl Stone Soup version 0.30-a0-585-g93115170b9 (webtiles) character file.

Game seed: 16931148276959264905

16238 bmack86 the Cleaver (level 12, -7/106 HPs)
             Began as a Minotaur Fighter on Jan 2, 2023.
             Was a High Priest of Okawaru.
             Killed from afar by Lodul (28 damage)
             ... with a bolt of lightning
             ... on level 11 of the Dungeon.
             The game lasted 00:34:55 (11708 turns).

bmack86 the Cleaver (Minotaur Fighter)             Turns: 11708, Time: 00:34:55

Health: -7/106     AC: 19    Str: 26    XL:     12   Next: 8%
Magic:  19/25      EV:  9    Int:  5    God:    Okawaru [*****.]
Gold:   491        SH:  7    Dex: 10    Spells: 11/11 levels left

rFire   . . .      SeeInvis .    s - +6 war axe (spect)
rCold   . . .      Faith    .    c - +0 buckler
rNeg    + . .      Spirit   .    I - +0 plate armour
rPois   .          Reflect  .    (helmet restricted)
rElec   .          Harm     .    H - +0 cloak
rCorr   .          Rampage  .    a - +0 pair of gloves of Lellais {Fly rN+}
Will    .....                    x - +2 pair of boots Stlth
                                 (no amulet)
HPRegen 0.37/turn                j - ring of magical power
MPRegen 0.19/turn                y - ring of wizardry

@: heroic, finesse-ful, corroded, flying
A: horns 2, retaliatory headbutt
a: Renounce Religion, Heroism, Finesse, Duel


You were on level 11 of the Dungeon.
You worshipped Okawaru.
Okawaru was extremely pleased with you.
You visited 1 branch of the dungeon, and saw 11 of its levels.
You also visited: Sewer, Ossuary and Bailey.

You collected 825 gold pieces.
You spent 334 gold pieces at shops.

Inventory:

Hand Weapons
 s - a +6 spectral war axe (weapon)
 M - a +1 broad axe of venom
 N - a +0 broad axe
Missiles
 e - a curare-tipped dart
 r - 10 boomerangs (quivered)
 t - 19 poisoned darts
 G - 6 atropa-tipped darts
Armour
 a - the +0 pair of gloves of Lellais (worn) {Fly rN+}
   (You acquired it in a bailey)

   rN:        It protects you from negative energy.
   Fly:       It grants you flight.
 c - a +0 buckler (worn)
 m - a +1 pair of gloves
 x - a +2 pair of boots (worn)
 H - a +0 cloak (worn)
 I - a +0 plate armour (worn)
Jewellery
 j - a ring of magical power (left hand)
 y - a ring of wizardry (right hand)
 Q - an amulet of faith
Wands
 b - a wand of mindburst (5)
 k - a wand of flame (46)
 C - a wand of light (8)
 K - a wand of polymorph (3)
Scrolls
 h - 7 scrolls of teleportation
 i - 2 scrolls of identify
 u - 6 scrolls of poison
 v - 3 scrolls of fear
 w - a scroll of blinking
 F - 2 scrolls of magic mapping
 J - a scroll of silence
 L - 3 scrolls of immolation
 O - a scroll of fog
Potions
 d - 6 potions of might
 f - a potion of invisibility
 g - 6 potions of heal wounds
 l - a potion of brilliance
 n - 2 potions of cancellation
 o - 2 potions of lignification
 p - 8 potions of flight
 q - 8 potions of curing
 z - 3 potions of berserk rage
 A - 2 potions of haste
 B - a potion of magic
 D - a potion of attraction
 E - 2 potions of mutation


   Skills:
 + Level 9.8(14.8) Fighting
 * Level 13.0(18.0) Axes
 + Level 7.2(12.2) Throwing
 + Level 9.8(14.8) Armour
 + Level 10.0(15.0) Shields
 + Level 7.2 Invocations


You had 11 spell levels left.
You didn't know any spells.
Your spell library contained the following spells:

 Spells                   Type           Power      Damage    Failure   Level
 Beastly Appendage        Tmut           0%         N/A       82%         1
 Necrotise                Necr           0%         1d4       82%         1
 Cigotuvi's Dreadful Rot  Necr/Pois/Air  0%         N/A       91%         2
 Static Discharge         Conj/Air       0%         2-2/arc   91%         2
 Wereblood                Tmut           0%         N/A       91%         2
 Inner Flame              Hex/Fire       0%         N/A       99%         3
 Spider Form              Tmut/Pois      0%         N/A       99%         3
 Vampiric Draining        Necr           0%         2d6       99%         3
 Vhi's Electric Charge    Tloc/Air       0%         N/A       99%         3
 Cause Fear               Hex            0%         N/A       100%        4
 Dispel Undead            Necr           0%         3d6       100%        4
 Agony                    Necr           0%         N/A       100%        5
 Arcjolt                  Conj/Air       0%         1d10      100%        5
 Lightning Bolt           Conj/Air       0%         1d11      100%        5
 Discord                  Hex            0%         N/A       100%        8
 Summon Small Mammal      Summ           Unusable   N/A       N/A         1
 Call Canine Familiar     Summ           Unusable   N/A       N/A         3
 Summon Guardian Golem    Hex/Summ       Unusable   N/A       N/A         3
 Death Channel            Necr           Unusable   N/A       N/A         6

Dungeon Overview and Level Annotations

Branches:
Dungeon (11/15)            Temple (0/1) D:7           Sewer (visited)
Ossuary (visited)          Bailey (visited)
   Lair: D:8-11         Orc: D:9-12

Altars:
Gozag
Kikubaaqudgha
Makhleb
Nemelex Xobeh
Okawaru
Qazlal
Sif Muna
Wu Jian
Xom

Shops:
D:1 (   D:6 ?   D:10 *

Annotations:
D:1 1 exclusion
D:11 Lodul


Innate Abilities, Weirdness & Mutations

You have a pair of horns on your head.
You reflexively headbutt those who attack you in melee.


Message History

The vampire mosquito draws strength from your injuries!
You hear a shout!
You closely miss the acid dragon. Your headbutt misses the acid dragon.
You barely miss the vampire mosquito. You closely miss the orc wizard.
Your +6 spectral war axe hits the vampire mosquito!!
Your +6 spectral war axe closely misses the ogre.
You slash the vampire mosquito!
You destroy the vampire mosquito!
Okawaru accepts your kill.
You slash the acid dragon! You slash the orc wizard!
Your +6 spectral war axe hits the acid dragon!!
You kill the acid dragon!
Okawaru accepts your kill.
The acid dragon scales are intact enough to wear.
Your +6 spectral war axe completely misses the orc wizard.
The orc wizard hits you but does no damage.
The orc barely misses you.
Your base Shields skill increases to level 10!
You slice the ogre!! Your headbutt misses the ogre.
The ogre is almost dead.
You hit the orc wizard but do no damage.
You slash the ogre!
Your +6 spectral war axe hits the orc wizard!
You kill the orc wizard!
Okawaru accepts your kill.
Your +6 spectral war axe hits the ogre.
You kill the ogre!
Okawaru accepts your kill.
You hit the ogre. Your headbutt misses the ogre.
The ogre is heavily wounded.
Your +6 spectral war axe hits the ogre!
You kill the ogre!
Okawaru accepts your kill. The orc hits you but does no damage.
Things that are here:
+0 acid dragon scales; a +0 club; an acid dragon corpse You block the orc's attack.
Electricity crackles from Lodul's apparatus.
The bolt of lightning hits you!!
You die...

......................
......<.................
..................>.....
.......K................
.###########..†.........
.# #...?........
.###########.)<.........
..........)..O).........
.........O...O)[@.......
####).########§)o#######
#..###### #...#
####.............#
..................
##.###########.....
........... #......
.)..####.. #.......
.)†)#


You could see Lodul, 2 ogres and an orc.

Vanquished Creatures
  A fire dragon (D:9)
  Erolcha (D:10)
  2 two-headed ogres
  An orc high priest (Bailey)
  A necromancer (D:10)
  3 orc knights (Bailey)
  Psyche (D:10)
  A gargoyle (D:11)
  A komodo dragon (D:11)
  An unseen horror (D:10)
  A kobold demonologist (Bailey)
  2 trolls (D:11)
  2 shadows (D:11)
  4 wyverns
  10 yaks
  Grum (D:8)
  6 vampire mosquitoes (D:11)
  2 steam dragons
  2 wargs (D:11)
  An acid dragon (D:11)
  A water moccasin (D:8)
  A sky beast (D:5)
  7 ogres
  17 orc warriors
  4 wolves (D:8)
  6 centaurs
  3 bullfrogs
  3 kobold brigands
  A gnoll sergeant (D:8)
  2 water moccasin zombies (Ossuary)
  A scorpion (D:6)
  A wight (Ossuary)
  7 killer bees
  2 howler monkeys
  5 electric eels (Bailey)
  A bullfrog zombie (Ossuary)
  2 hounds
  11 orc priests
  5 gnoll boudas (D:7)
  A jelly (D:5)
  2 iguanas
  Terence (D:3)
  Natasha (twice) (D:2)
  13 orc wizards
  A scorpion zombie (Ossuary)
  Robin (D:3)
  14 gnolls
  6 adders
  4 river rats (Sewer)
  2 white imps
  4 adder zombies (Ossuary)
  3 worms (Sewer)
  A dart slug (D:2)
  45 orcs
  10 ball pythons
  11 bats
  6 endoplasms
  A giant cockroach (Sewer)
  3 gnoll zombies (Ossuary)
  18 goblins
  10 hobgoblins
  9 jackals
  17 kobolds
  8 quokkas
  4 frilled lizards
  4 goblin zombies (Ossuary)
  4 hobgoblin zombies (Ossuary)
  6 orc zombies (Ossuary)
  3 rats
  A butterfly (D:7)
339 creatures vanquished.

Vanquished Creatures (others)
  An orc wizard (D:9)
  6 fungi (D:7)
  7 plants (D:7)
14 creatures vanquished.

Grand Total: 353 creatures vanquished

Notes
Turn   | Place    | Note
-------+----------+-------------------------------------------
     0 | D:1      | bmack86 the Minotaur Fighter began the quest for the Orb.
     0 | D:1      | Reached XP level 1. HP: 19/19 MP: 0/0
    98 | D:1      | Reached XP level 2. HP: 23/27 MP: 1/1
   130 | D:1      | Found Ohumy's Antique Weapon Shop.
   259 | D:1      | Reached skill level 3 in Axes
  1000 | D:2      | Reached XP level 3. HP: 28/33 MP: 2/2
  1107 | D:2      | Noticed Natasha
  1111 | D:2      | Killed Natasha
  1242 | D:2      | Found a faded altar of an unknown god.
  1444 | D:2      | Noticed Natasha
  1451 | D:2      | Killed Natasha
  1452 | D:2      | Reached skill level 4 in Axes
  1452 | D:2      | Reached XP level 4. HP: 21/40 MP: 3/3
  1912 | D:2      | Found an iron altar of Okawaru.
  1917 | D:2      | Became a worshipper of Warmaster Okawaru
  2028 | D:3      | Noticed Terence
  2036 | D:3      | Killed Terence
  2113 | D:3      | Reached XP level 5. HP: 9/47 MP: 4/4
  2333 | D:3      | Found a stormy altar of Qazlal.
  2395 | D:3      | Noticed Robin
  2410 | D:3      | Killed Robin
  2411 | D:3      | Reached skill level 1 in Invocations
  2816 | D:4      | Found a glowing drain.
  2831 | Sewer    | Entered a sewer
  3022 | Sewer    | Reached skill level 5 in Axes
  3025 | Sewer    | Reached XP level 6. HP: 53/53 MP: 5/5
  3580 | D:4      | Reached skill level 1 in Throwing
  4416 | D:1      | Bought a glowing war axe for 201 gold pieces
  4505 | D:5      | Entered Level 5 of the Dungeon
  4532 | D:5      | Noticed an orc warrior
  4533 | D:5      | Reached * piety under Okawaru
  4540 | D:5      | Killed an orc warrior
  4541 | D:5      | Reached skill level 5 in Fighting
  4541 | D:5      | Reached skill level 5 in Armour
  4541 | D:5      | Reached skill level 5 in Shields
  4541 | D:5      | Reached XP level 7. HP: 24/61 MP: 4/7
  4635 | D:5      | Reached skill level 6 in Axes
  4672 | D:5      | Found a sand-covered staircase.
  4695 | Ossuary  | Entered an ossuary
  5005 | Ossuary  | Reached ** piety under Okawaru
  5063 | Ossuary  | Noticed a silent spectre
  5259 | D:5      | Reached XP level 8. HP: 69/69 MP: 7/9
  5540 | D:5      | Found an ornate altar of the Wu Jian Council.
  5724 | D:6      | Reached skill level 7 in Axes
  5786 | D:6      | Found Moihash's Magic Scroll Emporium.
  6384 | D:6      | Bought a scroll of brand weapon for 133 gold pieces
  6393 | D:7      | Found a shimmering blue altar of Sif Muna.
  6393 | D:7      | Found a shimmering altar of Xom.
  6519 | D:7      | Reached skill level 8 in Axes
  6593 | D:7      | Found an iron altar of Okawaru.
  6596 | D:7      | Found an opulent altar of Gozag.
  6662 | D:7      | Reached XP level 9. HP: 75/78 MP: 10/10
  6664 | D:7      | Reached *** piety under Okawaru
  6890 | D:7      | Found a staircase to the Ecumenical Temple.
  7320 | D:8      | Noticed Grum
  7336 | D:8      | Reached skill level 9 in Axes
  7341 | D:8      | Killed Grum
  7549 | D:8      | Reached **** piety under Okawaru
  7557 | D:8      | Identified the +8 dagger "Cun Egal" {freeze, rF+ MP-9 Str+6
                  | Dex+2}
  7600 | D:8      | Noticed a two-headed ogre
  7609 | D:8      | Killed a two-headed ogre
  7610 | D:8      | Reached skill level 5 in Throwing
  7610 | D:8      | Reached skill level 5 in Invocations
  7610 | D:8      | Reached XP level 10. HP: 64/86 MP: 12/12
  7712 | D:8      | Reached ***** piety under Okawaru
  7803 | D:8      | Reached skill level 10 in Axes
  8662 | D:9      | Noticed a fire dragon
  8675 | D:9      | Killed a fire dragon
  8894 | D:9      | Found a sparkling altar of Nemelex Xobeh.
  9263 | D:10     | Entered Level 10 of the Dungeon
  9267 | D:10     | Noticed Erolcha
  9272 | D:10     | Killed Erolcha
  9272 | D:10     | Received a gift from Okawaru
  9273 | D:10     | Reached skill level 11 in Axes
  9310 | D:10     | Found a flagged portal.
  9314 | D:10     | Noticed a two-headed ogre
  9323 | D:10     | Killed a two-headed ogre
  9324 | D:10     | Reached XP level 11. HP: 64/95 MP: 14/14
  9417 | Bailey   | Entered a bailey
  9431 | Bailey   | Noticed an orc knight
  9431 | Bailey   | Noticed an orc knight
  9441 | Bailey   | Killed an orc knight
  9447 | Bailey   | Killed an orc knight
  9477 | Bailey   | Noticed an orc knight
  9492 | Bailey   | Killed an orc knight
  9933 | Bailey   | Identified a scroll of acquirement
  9937 | Bailey   | Acquired the +0 pair of gloves of Lellais {Fly rN+}
 10254 | Bailey   | Received a gift from Okawaru
 10330 | Bailey   | Reached skill level 12 in Axes
 10386 | Bailey   | Found an iron altar of Okawaru.
 10386 | Bailey   | Noticed an orc high priest
 10393 | Bailey   | Killed an orc high priest
 10460 | Bailey   | Identified the +1 robe of Vehumet's Indignation {rPois rF+
                  | Slay+2 Stlth-}
 10659 | D:10     | Found Porie's General Store.
 11022 | D:10     | Found an ancient bone altar of Kikubaaqudgha.
 11201 | D:10     | Found a burning altar of Makhleb.
 11205 | D:10     | Noticed Psyche
 11206 | D:10     | Noticed a necromancer
 11209 | D:10     | Killed Psyche
 11214 | D:10     | Killed a necromancer
 11214 | D:10     | Identified the +2 hand axe of Exquisite Torment {antimagic,
                  | Drain Will- Int+9 Dex+3} (Okawaru gifted it to you on level
                  | 10 of the Dungeon)
 11214 | D:10     | Received a gift from Okawaru
 11690 | D:11     | Reached XP level 12. HP: 99/106 MP: 16/16
 11699 | D:11     | Reached skill level 13 in Axes
 11701 | D:11     | Noticed Lodul
 11705 | D:11     | Reached skill level 10 in Shields
 11708 | D:11     | Killed from afar by Lodul

Illustrated notes

Levels and vault maps discovered:
D:1:      dpeg_arrival_three_bigger_balls, layout_loops_corners, serial_shops,
          nicolae_diamond_shop
D:2:      layout_loops_corners, hellmonk_ecumenical_altar_lost_god, basic_altar,
          uniq_natasha
D:3:      layout_loops_ring, grunt_qazlal_clouds, uniq_robin, uniq_terence
D:4:      layout_basic, portal_sewer_entry_a
D:5:      layout_loops_ring, nicolae_wu_jian_glorious_leap, enter_ossuary_1
D:6:      layout_basic, serial_glass, glass_columns_c, glass_columns_a,
          serial_shops, nicolae_shop_behind_doors
D:7:      kennysheep_seaside_town, layout_gridville, grunt_temple_overflow_open,
          minmay_temple_entry_butterflies
D:8:      layout_basic, uniq_grum
D:9:      dragon1_lemuel, layout_rooms, nemelex_xobeh_ov_fountains_minmay
D:10:     layout_roguey, bloody_makhleb, lemuel_tele_altar, enter_bailey_2,
          serial_shops, kennysheep_mini_moat, minmay_librarian, uniq_erolcha,
          uniq_psyche
D:11:     minmay_recursive_quarters, layout_long_grid,
          erik_lair_orcish_takeover, cheibriados_altar_2, uniq_lodul

Skill      XL: |  1  2  3  4  5  6  7  8  9 10 11 12 |
---------------+-------------------------------------+-----
Axes           | 3 4 5 6 8 9 11 12 13 | 13.0
Armour         | 4 5 6 7 8 9 |  9.8
Fighting       | 4 5 6 7 8 9 |  9.8
Shields        | 4 5 6 7 8 9 10 | 10.0
Invocations    | 1 2 3 5 6 7 |  7.2
Throwing       | 1 2 3 5 6 7 |  7.2

Action                   |  1- 3 |  4- 6 |  7- 9 | 10-12 || total
-------------------------+-------+-------+-------+-------++-------
Melee: War axe           |    51 |   150 |   176 |   209 ||   586
       Headbutt          |     5 |    25 |    34 |    47 ||   111
Throw: Boomerang         |       |    23 |       |       ||    23
Invok: Heroism           |       |     1 |     3 |     8 ||    12
       Finesse           |       |       |       |     4 ||     4
  Use: Scroll            |     3 |    13 |     7 |     9 ||    32
       Potion            |       |     1 |     2 |     1 ||     4
 Stab: Distracted        |       |       |       |     2 ||     2
Armor: Scale mail        |    26 |    78 |       |       ||   104
       Chain mail        |       |    17 |    62 |       ||    79
       Plate armour      |       |       |    63 |    99 ||   162
Dodge: Dodged            |    22 |    83 |    70 |    65 ||   240
Block: Buckler           |     5 |    38 |    53 |    56 ||   152

Table legend: (Time is in decaauts)
 A = Elapsed time spent in this place.
 B = Non-inter-level travel time spent in this place.
 C = Inter-level travel time spent in this place.
 D = Time resting spent in this place.
 E = Time spent auto-exploring this place.
 F = Levels seen in this place.
 G = Mean time per level.
                   A        B        C        D        E       F      G
               +--------+--------+--------+--------+--------+-----+--------+
         Total |  11966 |  11298 |    668 |   1262 |   6348 |  14 |  854.7 |
       Dungeon |   9590 |   8922 |    668 |    394 |   5979 |  11 |  871.8 |
         Sewer |    885 |    885 |      0 |    154 |    369 |   1 |  885.0 |
       Ossuary |    441 |    441 |      0 |    240 |      0 |   1 |  441.0 |
        Bailey |   1049 |   1049 |      0 |    474 |      0 |   1 | 1049.0 |
               +--------+--------+--------+--------+--------+-----+--------+

Top non-repeatable levels by time:
     D:2: 1089 daAuts
     D:1: 1089 daAuts
    D:10: 1065 daAuts
  Bailey: 1049 daAuts
     D:8: 1044 daAuts
     D:9: 938 daAuts
   Sewer: 885 daAuts
     D:4: 842 daAuts
     D:6: 826 daAuts
     D:3: 820 daAuts
     D:7: 808 daAuts
     D:5: 768 daAuts
 Ossuary: 441 daAuts
    D:11: 298 daAuts
